| TOP OF THE 1ST |
|
Tijuana Toros batting - Pitching for Colorado Avalanche : RHP Justin Garrett
|
|
Pitching: RHP Justin Garrett
|
|
|
Batting: RHB Theo Schepers
|
0-0: Called Strike 0-1: SINGLE (Groundball, 34D, EV 95.0 MPH)
|
|
Batting: RHB Chad Rojas
|
0-0: Ball 1-0: Ball Theo Schepers is caught stealing 2nd base 2-4 2-0: Called Strike 2-1: Foul Ball, location: 2F 2-2: Fly out, F3 (Popup, 34, EV 76.9 MPH)
|
|
Batting: LHB Steve Pond
|
0-0: Ball 1-0: Ground out 3-1 (Groundball, 34, EV 109.4 MPH)
|
| Top of the 1st over - 0 runs, 1 hit, 0 errors, 0 left on base; Tijuana 0 - Colorado 0 |
| BOTTOM OF THE 1ST |
|
Colorado Avalanche batting - Pitching for Tijuana Toros : RHP Alfredo Sanchez
|
|
Pitching: RHP Alfredo Sanchez
|
|
|
Batting: LHB Georges Lambert
|
0-0: Ball 1-0: Called Strike 1-1: Foul Ball, location: 2F 1-2: Ball 2-2: Ball 3-2: Foul Ball, location: 2F 3-2: Foul Ball, location: 2F 3-2: Base on Balls
|
|
Batting: LHB Paul McClintock
|
0-0: Called Strike 0-1: Ball 1-1: SINGLE (Line Drive, 4MD, EV 101.9 MPH) Georges Lambert to second
|
|
Batting: RHB Ray Insley
|
0-0: Ball 1-0: Swinging Strike 1-1: Ball 2-1: SINGLE (Line Drive, 56, EV 98.1 MPH) Georges Lambert to third Paul McClintock to second
|
|
Batting: RHB John Corfield
|
0-0: Ball 1-0: Called Strike 1-1: Fly out, F7 (Flyball, 7LS, EV 86.9 MPH)
|
|
Batting: RHB Manny Thompson
|
0-0: Ball 1-0: Called Strike 1-1: Swinging Strike 1-2: Ball 2-2: Grounds into double play, 4-6-3 (Groundball, 4, EV 100.0 MPH)
|
| Bottom of the 1st over - 0 runs, 2 hits, 0 errors, 2 left on base; Tijuana 0 - Colorado 0 |
| TOP OF THE 2ND |
|
Tijuana Toros batting - Pitching for Colorado Avalanche : RHP Justin Garrett
|
|
Batting: LHB Nate Kee
|
0-0: Ball 1-0: Hit by Pitch
|
|
Batting: RHB Pat Adams
|
0-0: Fielders Choice at 2nd, 4-6 (Groundball, 34, EV 104.4 MPH)
|
|
Batting: RHB Joe Bower
|
0-0: Ball 1-0: Ball Pat Adams steals 2nd base 2-0: Ground out 5-3 (Groundball, 56, EV 92.5 MPH)
|
|
Batting: RHB David Watkins
|
0-0: SINGLE (Flyball, 56D, EV 85.6 MPH) Pat Adams to third Runner from 3rd tries for Home, SAFE, throw by LF to home
|
|
Batting: RHB Mike Kaczor
|
0-0: Ball 1-0: Ball 2-0: Called Strike 2-1: Foul Ball, location: 2F 2-2: Fly out, F9 (Flyball, 9D, EV 103.1 MPH)
|
| Top of the 2nd over - 1 run, 1 hit, 0 errors, 1 left on base; Tijuana 1 - Colorado 0 |
| BOTTOM OF THE 2ND |
|
Colorado Avalanche batting - Pitching for Tijuana Toros : RHP Alfredo Sanchez
|
|
Batting: RHB Matviy Oliynyk
|
0-0: Called Strike 0-1: Ball 1-1: Foul Ball, location: 2F 1-2: Ball 2-2: Ball 3-2: Foul Ball, location: 2F 3-2: Foul Ball, location: 2F 3-2: Base on Balls
|
|
Batting: RHB Bob Hayes
|
0-0: Foul Ball, location: 2F 0-1: Ball 1-1: Ball 2-1: Ball 3-1: Called Strike 3-2: Fly out, F9 (Flyball, 89M, EV 93.8 MPH)
|
|
Batting: RHB Dan Hoffman
|
0-0: Ball 1-0: Fielders Choice at 2nd, 3-6 (Groundball, 34, EV 91.2 MPH)
|
|
Batting: SHB Clayton Saunders
|
0-0: Fielders Choice at 2nd, U4 (Groundball, 4M, EV 103.8 MPH)
|
| Bottom of the 2nd over - 0 runs, 0 hits, 0 errors, 1 left on base; Tijuana 1 - Colorado 0 |
| TOP OF THE 3RD |
|
Tijuana Toros batting - Pitching for Colorado Avalanche : RHP Justin Garrett
|
|
Batting: SHB Shane Marcum
|
0-0: Ball 1-0: Ball 2-0: Called Strike 2-1: Fly out, F6 (Line Drive, 6, EV 70.6 MPH)
|
|
Batting: RHB Theo Schepers
|
0-0: Called Strike 0-1: Ball 1-1: Ground out 6-3 (Groundball, 6, EV 101.2 MPH)
|
|
Batting: RHB Chad Rojas
|
0-0: Fly out, F7 (Line Drive, 7LM, EV 103.8 MPH)
|
| Top of the 3rd over - 0 runs, 0 hits, 0 errors, 0 left on base; Tijuana 1 - Colorado 0 |
| BOTTOM OF THE 3RD |
|
Colorado Avalanche batting - Pitching for Tijuana Toros : RHP Alfredo Sanchez
|
|
Batting: LHB Georges Lambert
|
0-0: Called Strike 0-1: Ball 1-1: Fly out, F9 (Line Drive, 9D, EV 90.0 MPH)
|
|
Batting: LHB Paul McClintock
|
0-0: Ball 1-0: Fly out, F3 (Line Drive, 3, EV 65.0 MPH)
|
|
Batting: RHB Ray Insley
|
0-0: Called Strike 0-1: Called Strike 0-2: Foul Ball, location: 2F 0-2: Ball 1-2: Foul Ball, location: 2F 1-2: Foul Ball, location: 2F 1-2: Fly out, F8 (Flyball, 78XD, EV 100.6 MPH)
|
| Bottom of the 3rd over - 0 runs, 0 hits, 0 errors, 0 left on base; Tijuana 1 - Colorado 0 |
| TOP OF THE 4TH |
|
Tijuana Toros batting - Pitching for Colorado Avalanche : RHP Justin Garrett
|
|
Batting: LHB Steve Pond
|
0-0: Ball 1-0: Ball 2-0: Ball 3-0: Base on Balls
|
|
Batting: LHB Nate Kee
|
0-0: 2-RUN HOME RUN (Line Drive, 9LD, EV 93.8 MPH), Distance : 349 ft
|
|
Batting: RHB Pat Adams
|
0-0: Hit by Pitch
|
|
Batting: RHB Joe Bower
|
0-0: Ball 1-0: Fly out, F8 (Flyball, 89XD, EV 90.6 MPH) Runner from 1st tags up, SAFE at 2nd
|
|
Batting: RHB David Watkins
|
0-0: Called Strike Balk! Pat Adams to third 0-1: Called Strike 0-2: Ball 1-2: SINGLE (Line Drive, 4D, EV 97.5 MPH) Pat Adams scores
|
|
Batting: RHB Mike Kaczor
|
0-0: Fly out, F9 (Line Drive, 9, EV 110.6 MPH)
|
|
Batting: SHB Shane Marcum
|
0-0: Fielders Choice at 2nd, 6-4 (Groundball, 4M, EV 84.4 MPH)
|
| Top of the 4th over - 3 runs, 2 hits, 0 errors, 1 left on base; Tijuana 4 - Colorado 0 |
| BOTTOM OF THE 4TH |
|
Colorado Avalanche batting - Pitching for Tijuana Toros : RHP Alfredo Sanchez
|
|
Batting: RHB John Corfield
|
0-0: Ball 1-0: Ball 2-0: Foul Ball, location: 2F 2-1: Ball 3-1: Base on Balls
|
|
Batting: RHB Manny Thompson
|
0-0: Swinging Strike 0-1: Swinging Strike 0-2: SINGLE (Groundball, 6MD, EV 97.5 MPH) John Corfield to second
|
|
Batting: RHB Matviy Oliynyk
|
0-0: Ball 1-0: Fly out, F3 (Flyball, 3D, EV 91.2 MPH)
|
|
Batting: RHB Bob Hayes
|
0-0: Called Strike 0-1: Foul Ball, location: 2F 0-2: Foul Ball, location: 2F 0-2: Ball 1-2: Ball 2-2: Ball 3-2: Fly out, F8 (Flyball, 8RS, EV 84.4 MPH)
|
|
Batting: RHB Dan Hoffman
|
0-0: SINGLE (Groundball, 6MD, EV 96.9 MPH) John Corfield to third Manny Thompson to second Runner from 3rd tries for Home, SAFE, throw by CF to home
|
|
Batting: SHB Clayton Saunders
|
0-0: Ball 1-0: Ball 2-0: Called Strike 2-1: SINGLE (Flyball, 6D, EV 98.8 MPH) Manny Thompson to third Dan Hoffman to second
|
|
Batting: LHB Georges Lambert
|
0-0: Ball 1-0: Fly out, F8 (Flyball, 8RXD, EV 89.4 MPH)
|
| Bottom of the 4th over - 1 run, 3 hits, 0 errors, 3 left on base; Tijuana 4 - Colorado 1 |
| TOP OF THE 5TH |
|
Tijuana Toros batting - Pitching for Colorado Avalanche : RHP Justin Garrett
|
|
Batting: RHB Theo Schepers
|
0-0: Ground out 5-3 (Groundball, 56, EV 85.6 MPH)
|
|
Batting: RHB Chad Rojas
|
0-0: Ball 1-0: SINGLE (Line Drive, 8LS, EV 108.1 MPH)
|
|
Batting: LHB Steve Pond
|
0-0: Ball 1-0: Fly out, F3 (Line Drive, 3, EV 68.8 MPH) Lined into DP, U3 (Line Drive, 3, EV 67.5 MPH)
|
| Top of the 5th over - 0 runs, 1 hit, 0 errors, 0 left on base; Tijuana 4 - Colorado 1 |
| BOTTOM OF THE 5TH |
|
Colorado Avalanche batting - Pitching for Tijuana Toros : RHP Alfredo Sanchez
|
|
Batting: LHB Paul McClintock
|
0-0: Ground out 4-3 (Groundball, 4, EV 108.1 MPH)
|
|
Pitching: RHP Jeff Lewis
|
|
|
Batting: RHB Ray Insley
|
0-0: Ball 1-0: Foul Ball, location: 2F 1-1: SINGLE (Groundball, 6MD, EV 100.0 MPH)
|
|
Batting: RHB John Corfield
|
0-0: Foul Ball, location: 2F 0-1: Ball 1-1: Ball 2-1: Ball 3-1: Base on Balls Ray Insley to second
|
|
Batting: RHB Manny Thompson
|
0-0: Foul Ball, location: 2F 0-1: Grounds into double play, 6-4-3 (Groundball, 6, EV 85.0 MPH)
|
| Bottom of the 5th over - 0 runs, 1 hit, 0 errors, 1 left on base; Tijuana 4 - Colorado 1 |
| TOP OF THE 6TH |
|
Tijuana Toros batting - Pitching for Colorado Avalanche : RHP Justin Garrett
|
|
Batting: LHB Nate Kee
|
0-0: Called Strike 0-1: SINGLE (Line Drive, 34D, EV 103.8 MPH)
|
|
Batting: RHB Pat Adams
|
0-0: Ball 1-0: Ball 2-0: Foul Ball, location: 2F 2-1: Ball 3-1: Foul Ball, location: 2F 3-2: SINGLE (Groundball, 6MD, EV 96.9 MPH) Nate Kee to second Runner from 2nd tries for 3rd, SAFE, throw by CF made to third
|
|
Batting: RHB Joe Bower
|
0-0: Ball Pat Adams steals 2nd base 1-0: Foul Ball, location: 2F 1-1: Ground out 6-3 (Groundball, 6M, EV 91.2 MPH) Nate Kee scores Pat Adams to third
|
|
Batting: RHB David Watkins
|
0-0: Swinging Strike 0-1: Ball 1-1: Ball 2-1: Ball 3-1: Ground out U3 (Groundball, 3L, EV 82.5 MPH)
|
|
Pitching: RHP Daniel Green
|
|
|
Batting: RHB Mike Kaczor
|
Balk! Pat Adams scores 0-0: Ground out 5-3 (Groundball, 5, EV 97.5 MPH)
|
| Top of the 6th over - 2 runs, 2 hits, 0 errors, 0 left on base; Tijuana 6 - Colorado 1 |
| BOTTOM OF THE 6TH |
|
Colorado Avalanche batting - Pitching for Tijuana Toros : RHP Jeff Lewis
|
|
Batting: RHB Matviy Oliynyk
|
0-0: Ball 1-0: Ball 2-0: Ball 3-0: Base on Balls
|
|
Batting: RHB Bob Hayes
|
0-0: Ball 1-0: Ball 2-0: Ball 3-0: Called Strike 3-1: Swinging Strike 3-2: Strikes out swinging
|
|
Batting: RHB Dan Hoffman
|
0-0: Called Strike 0-1: Foul Ball, location: 2F 0-2: TRIPLE (Flyball, 78XD, EV 103.8 MPH) Matviy Oliynyk scores
|
|
Batting: SHB Clayton Saunders
|
0-0: Called Strike 0-1: Ball 1-1: Ball 2-1: Called Strike 2-2: Fly out, F8 (Line Drive, 8LD, EV 90.6 MPH) Runner from 3rd tags up, SCORES, throw by CF
|
|
Pitching: RHP Seved Landgre
|
|
|
Batting: LHB Georges Lambert
|
0-0: Called Strike 0-1: Swinging Strike 0-2: Foul Ball, location: 2F 0-2: Ball 1-2: Strikes out swinging
|
| Bottom of the 6th over - 2 runs, 1 hit, 0 errors, 0 left on base; Tijuana 6 - Colorado 3 |
| TOP OF THE 7TH |
|
Tijuana Toros batting - Pitching for Colorado Avalanche : RHP Daniel Green
|
|
Batting: SHB Shane Marcum
|
0-0: Ball 1-0: Ball 2-0: Called Strike 2-1: Swinging Strike 2-2: Ball 3-2: Base on Balls
|
|
Batting: RHB Theo Schepers
|
0-0: Ball Shane Marcum steals 2nd base 1-0: Ball 2-0: Ground out 6-3 (Groundball, 6, EV 85.6 MPH) Shane Marcum to third
|
|
Batting: RHB Chad Rojas
|
0-0: Ball 1-0: Foul Ball, location: 2F 1-1: Ball 2-1: Fly out, F5 (Popup, 5D, EV 73.8 MPH)
|
|
Batting: LHB Steve Pond
|
0-0: Ball 1-0: Foul Ball, location: 2F 1-1: Ground out 6-3 (Groundball, 6D, EV 89.4 MPH)
|
| Top of the 7th over - 0 runs, 0 hits, 0 errors, 1 left on base; Tijuana 6 - Colorado 3 |
| BOTTOM OF THE 7TH |
|
Colorado Avalanche batting - Pitching for Tijuana Toros : RHP Seved Landgre
|
|
Batting: LHB Paul McClintock
|
0-0: Called Strike 0-1: SINGLE (Line Drive, 8RS, EV 103.8 MPH)
|
|
Batting: RHB Ray Insley
|
0-0: Called Strike 0-1: Foul Ball, location: 2F 0-2: Strikes out looking
|
|
Batting: RHB John Corfield
|
0-0: Ball 1-0: Ball 2-0: Ball 3-0: Base on Balls Paul McClintock to second
|
|
Batting: RHB Manny Thompson
|
0-0: Grounds into double play, 5-4-3 (Groundball, 25, EV 76.2 MPH)
|
| Bottom of the 7th over - 0 runs, 1 hit, 0 errors, 1 left on base; Tijuana 6 - Colorado 3 |
| TOP OF THE 8TH |
|
Tijuana Toros batting - Pitching for Colorado Avalanche : RHP Daniel Green
|
|
Batting: LHB Nate Kee
|
0-0: Ball 1-0: Foul Ball, location: 2F 1-1: Ball 2-1: Foul Ball, location: 2F 2-2: Hit by Pitch
|
|
Batting: RHB Pat Adams
|
0-0: Ball 1-0: Fly out, F9 (Flyball, 9S, EV 88.8 MPH)
|
|
Batting: RHB Joe Bower
|
0-0: Ball Nate Kee steals 2nd base 1-0: Ball 2-0: SINGLE (Groundball, 6D, EV 96.9 MPH) Nate Kee to third
|
|
Batting: RHB David Watkins
|
0-0: Ball 1-0: Ball 2-0: Fly out, F8 (Flyball, 8RD, EV 101.2 MPH) Runner from 3rd tags up, SCORES, throw by CF
|
|
Batting: RHB Mike Kaczor
|
0-0: Ball Pickoff Throw to First - Error! E1 Joe Bower to second 1-0: Ball 2-0: Called Strike 2-1: Called Strike 2-2: Fly out, F3 (Popup, 3F, EV 75.0 MPH)
|
| Top of the 8th over - 1 run, 1 hit, 1 error, 1 left on base; Tijuana 7 - Colorado 3 |
| BOTTOM OF THE 8TH |
|
Colorado Avalanche batting - Pitching for Tijuana Toros : RHP Seved Landgre
|
|
Pitching: RHP Balinda Msrah
|
|
|
Batting: RHB Matviy Oliynyk
|
0-0: Ball 1-0: Ball 2-0: SINGLE (Flyball, 89S, EV 95.6 MPH)
|
|
Batting: RHB Bob Hayes
|
0-0: Ball 1-0: Foul Ball, location: 2F 1-1: Ball 2-1: Foul Ball, location: 2F 2-2: Ball 3-2: Foul Ball, location: 2F 3-2: Foul Ball, location: 2F 3-2: Foul Ball, location: 2F 3-2: Strikes out swinging
|
|
Batting: RHB Dan Hoffman
|
0-0: Ball 1-0: Ball 2-0: Called Strike 2-1: Called Strike 2-2: Foul Ball, location: 2F 2-2: Ball 3-2: Fly out, F8 (Flyball, 8RD, EV 88.8 MPH)
|
|
Pitching: RHP Gary Salazar
|
|
|
Batting: SHB Clayton Saunders
|
0-0: Ball 1-0: Called Strike 1-1: Fly out, F7 (Flyball, 7LS, EV 78.8 MPH)
|
| Bottom of the 8th over - 0 runs, 1 hit, 0 errors, 1 left on base; Tijuana 7 - Colorado 3 |
| TOP OF THE 9TH |
|
Tijuana Toros batting - Pitching for Colorado Avalanche : RHP Daniel Green
|
|
Batting: SHB Shane Marcum
|
0-0: Ball 1-0: Foul Ball, location: 2F 1-1: Foul Ball, location: 2F 1-2: Fly out, F7 (Flyball, 7, EV 88.1 MPH)
|
|
Batting: RHB Theo Schepers
|
0-0: Ball 1-0: Foul Ball, location: 2F 1-1: TRIPLE (Flyball, 89XD, EV 99.4 MPH)
|
|
Batting: RHB Chad Rojas
|
0-0: Ball 1-0: DOUBLE (Line Drive, 7LS, EV 89.4 MPH) Theo Schepers scores
|
|
Batting: LHB Steve Pond
|
0-0: Ball 1-0: Called Strike 1-1: Ball 2-1: Foul Ball, location: 2F 2-2: Ball 3-2: 2-RUN HOME RUN (Flyball, 89XD, EV 111.2 MPH), Distance : 432 ft
|
|
Batting: LHB Nate Kee
|
0-0: Ball 1-0: Called Strike 1-1: Ball 2-1: Foul Ball, location: 2F 2-2: Foul Ball, location: 2F 2-2: Fly out, F7 (Flyball, 7S, EV 91.2 MPH)
|
|
Batting: RHB Pat Adams
|
0-0: Ball 1-0: Called Strike 1-1: SINGLE (Line Drive, 34D, EV 110.0 MPH)
|
|
Batting: RHB Joe Bower
|
0-0: Ball 1-0: Foul Ball, location: 2F 1-1: DOUBLE (Flyball, 8RXD, EV 97.5 MPH) Pat Adams to third Runner from 3rd tries for Home, SAFE, no throw by CF
|
|
Pitching: RHP Josh Lofgreen
|
|
|
Batting: RHB David Watkins
|
0-0: Ball 1-0: Called Strike 1-1: Ground out 6-3 (Groundball, 6, EV 85.6 MPH)
|
| Top of the 9th over - 4 runs, 5 hits, 0 errors, 1 left on base; Tijuana 11 - Colorado 3 |
| BOTTOM OF THE 9TH |
|
Colorado Avalanche batting - Pitching for Tijuana Toros : RHP Gary Salazar
|
|
Batting: LHB Georges Lambert
|
0-0: Foul Ball, location: 2F 0-1: Foul Ball, location: 2F 0-2: Fly out, F9 (Flyball, 9LS, EV 84.4 MPH)
|
|
Batting: LHB Paul McClintock
|
0-0: Fly out, F7 (Flyball, 7LD, EV 91.2 MPH)
|
|
Batting: RHB Ray Insley
|
0-0: Foul Ball, location: 2F 0-1: Ball 1-1: Ball 2-1: Called Strike 2-2: Ball 3-2: Strikes out looking
|
| Bottom of the 9th over - 0 runs, 0 hits, 0 errors, 0 left on base; Tijuana 11 - Colorado 3 |
|